 Dungeon Crawl Stone Soup version 0.21.0-3-g78d12a8 (webtiles) character file.

160 Inarius the Chiller (level 5, -2/39 HPs)
             Began as a Draconian Ice Elementalist on Jan 12, 2018.
             Slain by Grinder (9 damage)
             ... while paralysed by Grinder
             ... on level 3 of the Dungeon.
             The game lasted 00:14:56 (3407 turns).

Inarius the Chiller (Draconian Ice Elementalist)    Turns: 3407, Time: 00:14:57

Health: -2/39      AC:  5    Str: 10    XL:     5   Next: 17%
Magic:  9/9        EV:  2    Int: 17    God:
Gold:   197        SH:  0    Dex: 11    Spells: 2/10 levels left

rFire    . . .     SeeInvis .   j - +0 dagger (venom)
rCold    . . .     Gourm    .   (no shield)
rNeg     . . .     Faith    .   (armour unavailable)
rPois    .         Spirit   .   (helmet restricted)
rElec    .         Reflect  .   (no cloak)
rCorr    .         Harm     .   (no gloves)
MR       .....                  (no boots)
Stlth    ++........             (no amulet)
HPRegen  0.13/turn              f - ring of flight
MPRegen  0.11/turn              (no ring)

@: paralysed
A: unfitting armour, cold-blooded, AC +5
a: Evoke Flight


You were on level 3 of the Dungeon.
You were not hungry.

You visited 1 branch of the dungeon, and saw 3 of its levels.

You collected 197 gold pieces.

Inventory:

Hand Weapons
 j - a +0 dagger of venom (weapon)
 l - a +1 dagger of protection
Jewellery
 c - a cursed -3 ring of intelligence {unknown}
 f - a ring of flight (left hand)
 s - a +4 ring of strength {unknown}
 u - an uncursed ring of wizardry {unknown}
Wands
 m - a wand of digging (6)
Scrolls
 d - 7 scrolls of identify {unknown}
 e - a scroll of amnesia {unknown}
 h - a scroll of random uselessness {unknown}
 i - a scroll of remove curse {unknown}
 q - a scroll of magic mapping {unknown}
 r - a scroll of blinking {unknown}
 t - a scroll of immolation {unknown}
Potions
 g - 2 potions of heal wounds {unknown}
 k - 2 potions of magic {unknown}
 n - a potion of might {unknown}
 o - 2 potions of ambrosia {unknown}
Books
 a - a book of Frost

   Spells                             Type                      Level
   a - Freeze                         Ice                          1
   b - Throw Frost                    Conjuration/Ice              2
   c - Ozocubu's Armour               Charms/Ice                   3
   d - Throw Icicle                   Conjuration/Ice              4
   e - Summon Ice Beast               Ice/Summoning                4
Comestibles
 b - 6 rations


   Skills:
 + Level 0.5 Fighting
 + Level 2.1 Dodging
 - Level 1.7 Stealth
 + Level 3.0 Spellcasting
 * Level 1.0 Conjurations
 + Level 1.0 Charms
 * Level 4.8 Ice Magic


You had 2 spell levels left.
You knew the following spells:

 Your Spells              Type           Power        Failure   Level  Hunger
a - Freeze                Ice            ###.         2%          1    None
b - Ozocubu's Armour      Chrm/Ice       ##......     16%         3    ###....
c - Throw Icicle          Conj/Ice       ##......     45%         4    ####...


Dungeon Overview and Level Annotations

Branches:
Dungeon (3/15)

Altars:
The Shining One

Annotations:
D:3 Grinder


Innate Abilities, Weirdness & Mutations

Your plain brown scales are hard. (AC +5)
You cannot fit into any form of body armour.
You are cold-blooded and may be slowed by cold attacks.


Message History

Casting: Freeze
Confirm with . or Enter, or press ? or * to list all spells.
Okay, then.
Unknown command.
Press: ? - help, v - describe, . - travel
Here: Grinder, carrying a wand of digging (1)
The floor.
Unknown command.
You closely miss Grinder. Grinder hits you.
You writhe in agony.
You closely miss Grinder. Grinder hits you!
You writhe in agony.
Grinder gestures at you. Pain shoots through your body!
* * * LOW HITPOINT WARNING * * *
There is a stone staircase leading up here.
Grinder gestures at you.
You suddenly lose the ability to move!
Grinder gestures at you. You resist with significant effort. Grinder hits you!
You die...

#####.<........# #..# #...
#..........# #.#######.##..##
#.........)###.##.........# #
##.......................# #
##..........#..............##
#.........[...#(..#........ .
#..........##......#..#####.#
#....(.....#5...##..........#
#...........@#####...........
#..........#.# #.##########
##...........# ###.# ##
#..........#####...# ##.
####.#####....##....###
####.. ##....# #....#.##.####
#..... ...#### #.####.##.#
####....# .### ##.####.##.#
##.....### .# ####..##......#
##.........


You could see Grinder.

Vanquished Creatures
  Robin (D:2)
  A howler monkey zombie (D:2)
  5 adders
  A worm (D:2)
  3 dart slugs (D:1)
  4 leopard geckos
  An orc (D:3)
  4 giant cockroaches
  7 hobgoblins
  10 jackals
  7 kobolds
  A quokka (D:3)
  A ball python (D:2)
  5 bats
  6 frilled lizards
  14 goblins
  4 rats
75 creatures vanquished.

Notes
Turn   | Place    | Note
-------+----------+-------------------------------------------
     0 | D:1      | Inarius the Draconian Ice Elementalist began the quest for the Orb.
     0 | D:1      | Reached XP level 1. HP: 14/14 MP: 3/3
   403 | D:1      | Reached XP level 2. HP: 11/20 MP: 0/5
  1377 | D:1      | Reached XP level 3. HP: 26/26 MP: 3/6
  1388 | D:1      | Learned a level 3 spell: Ozocubu's Armour
  1502 | D:2      | Reached skill level 4 in Ice Magic
  1506 | D:2      | Noticed Robin
  2038 | D:2      | Killed Robin
  2038 | D:2      | Reached XP level 4. HP: 29/33 MP: 1/7
  2330 | D:2      | Learned a level 4 spell: Throw Icicle
  2418 | D:2      | Found a glowing golden altar of the Shining One.
  2860 | D:3      | Reached skill level 1 in Charms
  2889 | D:3      | Reached XP level 5. HP: 28/39 MP: 7/9
  3303 | D:3      | Noticed Grinder
  3303 | D:3      | Paralysed by Grinder for 5 turns
  3405 | D:3      | Paralysed by Grinder for 7 turns
  3407 | D:3      | Slain by Grinder

Skill      XL: |  1  2  3  4 |
---------------+-------------+-----
Dodging        | 2 |  2.1
Ice Magic      | 4 |  4.8
Spellcasting   | 3 |  3.0
Charms         | 1 |  1.0
Fighting       | |  0.5
Stealth        | |  1.7
Conjurations   | |  1.0

Action                   |  1- 3 |  4- 6 || total
-------------------------+-------+-------++-------
Melee: Unarmed           |    30 |       ||    30
       Tailslap          |     4 |     4 ||     8
       Mace              |    25 |       ||    25
       Dagger            |       |    84 ||    84
 Cast: Freeze            |    48 |    31 ||    79
       Ozocubu's Armour  |     2 |       ||     2
 Stab: Sleeping          |       |     2 ||     2
  Eat: Chunk             |     4 |     5 ||     9
Armor: Skin              |    29 |    45 ||    74
Dodge: Dodged            |    82 |    76 ||   158
